 Dungeon Crawl Stone Soup version 0.23.0 (webtiles) character file.

Game seed: 9731986247525350893

837 LostNumber the Ruffian (level 7, -12/68 HPs)
             Began as a Troll Ice Elementalist on Feb 15, 2019.
             Was an Initiate of Okawaru.
             Mangled by a gnoll sergeant
             ... wielding a +3 trident of venom
              (16 damage)
             ... on level 5 of the Dungeon.
             The game lasted 00:09:02 (3682 turns).

LostNumber the Ruffian (Troll Ice Elementalist)     Turns: 3682, Time: 00:09:03

Health: -12/68     AC:  8    Str: 19    XL:     7   Next: 66%
Magic:  7/7        EV: 10    Int: 11    God:    Okawaru [......]
Gold:   244        SH:  0    Dex: 10    Spells: 7/8 levels left

rFire    . . .     SeeInvis .     - Unarmed
rCold    . . .     Gourm    +   (no shield)
rNeg     . . .     Faith    .   r - +2 robe {MR+}
rPois    .         Spirit   .   (helmet restricted)
rElec    .         Reflect  .   (no cloak)
rCorr    .         Harm     .   (gloves unavailable)
MR       +....                  (boots unavailable)
Stlth    +.........             (no amulet)
HPRegen  0.61/turn              (no ring)
MPRegen  0.10/turn              (no ring)

@: lethally poisoned (-12 -> -15)
A: large, unfitting armour, claws 3, fast metabolism 3, gourmand, regeneration
1, shaggy fur 1, tough skin 3
a: Renounce Religion


You were on level 5 of the Dungeon.
You worshipped Okawaru.
Okawaru was noncommittal.
You were completely stuffed.

You visited 2 branches of the dungeon, and saw 6 of its levels.

You collected 244 gold pieces.

Inventory:

Armour
 a - a +0 robe
 r - a +2 robe of magic resistance (worn)
   (You found it on level 4 of the Dungeon)
Scrolls
 f - a scroll of fog {unknown}
 i - 3 scrolls of teleportation {@r4}
 l - 2 scrolls of enchant armour {unknown}
 o - a scroll of random uselessness {unknown}
 p - a scroll of amnesia {unknown}
Potions
 c - a potion of curing {@q1}
 d - a potion of berserk rage {unknown}
 g - a potion of mutation {unknown}
 h - a potion of magic {unknown}
 j - a potion of agility {unknown}
 k - 2 potions of haste {unknown}
 n - a potion of cancellation {unknown}
 q - a potion of lignification {!q}
Comestibles
 e - 11 rations {!d}
 m - 4 chunks of flesh


   Skills:
 + Level 3.8 Fighting
 - Level 1.5 Dodging
 - Level 1.0 Stealth
 * Level 6.9 Unarmed Combat
 - Level 1.2 Spellcasting
   Level 0.6 Conjurations
 - Level 2.1 Ice Magic
 + Level 1.0 Invocations


You had 7 spell levels left.
You knew the following spells:

 Your Spells              Type           Power        Failure   Level  Hunger
a - Freeze                Ice            #...         13%         1    ##.....

Your spell library contained the following spells:

 Spells                   Type           Power        Failure   Level  Hunger
 Throw Frost              Conj/Ice       #.....       26%         2    ###....
 Ozocubu's Armour         Chrm/Ice       #.......     52%         3    ####...
 Throw Icicle             Conj/Ice       #.......     87%         4    #####..
 Summon Ice Beast         Ice/Summ       #.......     90%         4    #####..


Dungeon Overview and Level Annotations

Branches:
Dungeon (5/15)             Temple (1/1) D:4

Altars:
Ashenzari
Cheibriados
Elyvilon
Gozag
Hepliaklqana
Kikubaaqudgha
Nemelex Xobeh
Okawaru
Qazlal
Ru
Sif Muna
Trog
Uskayaw
Vehumet
Wu Jian
Yredelemnul
The Shining One


Innate Abilities, Weirdness & Mutations

You are too large for most types of armour.
You have claws for hands.
Your metabolism is lightning-fast.
You like to eat raw meat.
Your natural rate of healing is unusually fast.
You are covered in fur. (AC +1)
You have extremely tough skin. (AC +3)


Message History

You feel sick.
The gnoll sergeant hits you from afar with a +3 trident of venom.
* * * LOW HITPOINT WARNING * * *
You are more poisoned.
You feel very sick. The gnoll closely misses you.
The gnoll shaman calls upon its god to heal the gnoll sergeant.
The gnoll sergeant's wounds heal themselves!
Unknown command.
You feel very sick.
The gnoll sergeant hits you from afar with a +3 trident of venom!
* * * LOW HITPOINT WARNING * * *
You are more poisoned.
The gnoll hits you.
* * * LOW HITPOINT WARNING * * *
* * * LOW HITPOINT WARNING * * *
You feel very sick.
You feel better.
The gnoll sergeant hits you but does no damage.
Unknown command.
The gnoll sergeant hits you from afar with a +3 trident of venom.
* * * LOW HITPOINT WARNING * * *
You are poisoned.
You feel sick.
The gnoll sergeant hits you but does no damage.
You are more poisoned.
You feel sick.
You feel sick. The gnoll sergeant barely misses you.
You feel sick.
Unknown command.
You feel sick.
You feel sick.
You feel sick.
The gnoll sergeant hits you from afar with a +3 trident of venom!
* * * LOW HITPOINT WARNING * * *
You feel better.
The gnoll sergeant hits you from afar with a +3 trident of venom.
* * * LOW HITPOINT WARNING * * *
You are lethally poisoned!
You feel better.
The gnoll sergeant hits you from afar with a +3 trident of venom.
* * * LOW HITPOINT WARNING * * *
You are poisoned.
You feel sick.
The gnoll sergeant hits you but does no damage.
You are more poisoned.
There is a stone staircase leading up here.
You feel sick.
The gnoll sergeant hits you from afar with a +3 trident of venom!
You die...

...##..........##.....##.... ...
..# #................##..... ...
..## #.......##..................
...# #.>.....##....#........ ...
#.## #.......#.....#.#....###.#
...###.........#.....#....##..###
.#..##.......#.##รท...............
##..###..........#.....#..#......
#...........###.@##....#...##..##
###.........# #..##.....##.#.....
##........####gg......##.g...##
#...........#..g......#.......# #
#.........>.#..................
###...........##.................
#.............#..................
......#..........................
......##................##.......


You could see a gnoll sergeant, a gnoll shaman and a gnoll.

Vanquished Creatures
  Menkaure (D:5)
  An ogre (D:4)
  A wolf (D:5)
  2 crimson imps (D:5)
  A bullfrog zombie (D:3)
  3 hounds
  2 worker ants (D:4)
  5 orc wizards
  A howler monkey skeleton (D:4)
  5 adders
  2 gnolls (D:5)
  3 worms
  2 dart slugs
  2 leopard geckos
  7 orcs
  3 giant cockroaches
  8 goblins
  10 hobgoblins
  5 jackals (D:2)
  7 kobolds
  3 quokkas
  3 ball pythons
  8 bats
  2 frilled lizards
  9 rats
96 creatures vanquished.

Notes
Turn   | Place    | Note
-------+----------+-------------------------------------------
     0 | D:1      | LostNumber the Troll Ice Elementalist began the quest for
                  | the Orb.
     0 | D:1      | Reached XP level 1. HP: 16/16 MP: 1/1
    87 | D:1      | Reached skill level 1 in Unarmed Combat
   103 | D:1      | Reached XP level 2. HP: 23/26 MP: 2/2
   440 | D:1      | Reached skill level 2 in Unarmed Combat
   756 | D:2      | Reached skill level 1 in Fighting
   756 | D:2      | Reached XP level 3. HP: 27/33 MP: 3/3
  1184 | D:2      | Reached skill level 3 in Unarmed Combat
  1184 | D:2      | Reached XP level 4. HP: 41/41 MP: 4/4
  1471 | D:2      | Found an opulent altar of Gozag.
  1701 | D:3      | Found a faded altar of an unknown god.
  1831 | D:3      | Reached XP level 5. HP: 49/49 MP: 5/5
  1848 | D:3      | Reached skill level 4 in Unarmed Combat
  2443 | D:4      | Reached XP level 6. HP: 50/59 MP: 6/6
  2501 | D:4      | Reached skill level 5 in Unarmed Combat
  2667 | D:4      | Found a staircase to the Ecumenical Temple.
  2788 | Temple   | Entered the Ecumenical Temple
  2920 | Temple   | Became a worshipper of Warmaster Okawaru
  3282 | D:5      | Entered Level 5 of the Dungeon
  3412 | D:5      | Noticed Menkaure
  3419 | D:5      | Killed Menkaure
  3419 | D:5      | Reached skill level 6 in Unarmed Combat
  3419 | D:5      | Reached XP level 7. HP: 8/67 MP: 7/7
  3657 | D:5      | Reached skill level 1 in Invocations
  3678 | D:5      | HP: 2/68 [gnoll sergeant/+3 trident of venom (7)]
  3682 | D:5      | Mangled by a gnoll sergeant

Skill      XL: |  1  2  3  4  5  6  7 |
---------------+----------------------+-----
Unarmed Combat | 1 2 3 4 6 |  6.9
Fighting       | 1 2 3 |  3.8
Invocations    | 1 |  1.0
Dodging        | |  1.5
Stealth        | |  1.0
Spellcasting   | |  1.2
Conjurations   | |  0.6
Ice Magic      | |  2.1

Action                   |  1- 3 |  4- 6 |  7- 9 || total
-------------------------+-------+-------+-------++-------
Melee: Unarmed           |    96 |   197 |    27 ||   320
       Punch             |       |     1 |       ||     1
  Use: Scroll            |       |       |     3 ||     3
       Potion            |       |       |     3 ||     3
 Stab: Sleeping          |     5 |     2 |       ||     7
  Eat: Chunk             |    16 |    21 |     2 ||    39
Armor: Robe              |    36 |    49 |    20 ||   105
Dodge: Dodged            |    46 |    65 |    23 ||   134
